[Event "Titled Tuesday Blitz May 23 Early 2023"]
[White "Van Foreest, Machteld"]
[Black "Djordjevic, Vuk"]
[WhiteFideId "1051563"]
[BlackFideId "902098"]
[WhiteElo "2018"]
[BlackElo "2452"]
[Result "1-0"]
[Round "02"]
[TimeControl "180+2"]
[Date "2023.05.23"]
[WhiteClock "0:00:09"]
[BlackClock "0:00:00"]

1. e4 d5 2. exd5 Qxd5 3. Nc3 Qd6 4. Nf3 Nf6 5. d4 c6 6. Be2 Bg4 7. O-O e6 8. h3 Bxf3 9. Bxf3 Nbd7 10. Bg5 Qc7 11. Qd2 Bd6 12. Rfe1 O-O 13. Ne4 Nxe4 14. Bxe4 Rfe8 15. c4 Be7 16. Bxe7 Rxe7 17. d5 cxd5 18. cxd5 Nf6 19. d6 Nxe4 20. Rxe4 Qd8 21. Rg4 Rd7 22. Qd4 Qf8 23. Rd1 a6 24. Qe5 Rc8 25. Rd3 Rc6 26. Rgd4 Qe8 27. Rg4 Qf8 28. Rgd4 Kh8 29. Kh2 Qe8 30. Qh5 Qd8 31. Qe5 Qf6 32. Qxf6 gxf6 33. Kg3 Kg7 34. f4 f5 35. Kh4 Kf6 36. Kh5 Rc2 37. Rd2 Rxd2 38. Rxd2 Kg7 39. Kg5 f6+ 40. Kh4 Kg6 41. g4 e5 42. Rd5 exf4 43. gxf5+ Kh6 44. Kg4 f3 45. Kxf3 Kg5 46. Kg3 Kh5 47. h4 Rg7+ 48. Kh3 Rd7 49. a4 a5 50. b3 b6 51. Rd4 Kh6 52. Kg4 Kg7 53. Kh5 Kg8 54. Kh6 Kf8 55. Kh5 Kg7 56. Kg4 Kh6 57. Kf3 Kh5 58. Ke3 Kh6 59. Ke4 Kg7 60. Kd5 Kf7 61. Kc6 Ke8 62. Re4+ Kd8 63. Rg4 Kc8 64. Rg8+ 1-0


[Site "https://www.chess.com"]

[Event "Titled Tuesday Blitz May 23 Early 2023"]
[White "Schmakel, Sam"]
[Black "Travadon, Loic"]
[WhiteFideId "2039311"]
[BlackFideId "26092131"]
[WhiteElo "2356"]
[BlackElo "2405"]
[Result "1-0"]
[Round "02"]
[TimeControl "180+2"]
[Date "2023.05.23"]
[WhiteClock "0:00:06"]
[BlackClock "0:00:00"]

1. d4 Nf6 2. c4 e6 3. Nf3 d5 4. Nc3 h6 5. g3 Bb4 6. Bg2 dxc4 7. Qa4+ Nc6 8. Ne5 Bxc3+ 9. bxc3 Bd7 10. Nxc6 bxc6 11. Bxc6 O-O 12. Qxc4 Bxc6 13. Qxc6 Re8 14. O-O Qd5 15. Qxc7 Rac8 16. Qxa7 Ne4 17. Re1 Rxc3 18. f3 Nd6 19. Bd2 Rc4 20. Be3 Nf5 21. Bf2 Nxd4 22. Rad1 e5 23. Kg2 Ra8 24. Qe7 Rxa2 25. e4 Qe6 26. Qd8+ Kh7 27. Rf1 Qf6 28. Rd3 Rcc2 29. Qd5 Qb6 30. Qxe5 Ne6 31. Qf5+ Kg8 32. Qd5 Rxf2+ 33. Rxf2 Rxf2+ 34. Kh3 Ng5+ 35. Kg4 Qe6+ 36. Qxe6 fxe6 37. e5 Rxh2 38. f4 Nf7 39. Rd7 h5+ 40. Kf3 g6 41. Re7 Kg7 42. Rxe6 Ra2 43. Re7 Ra3+ 44. Ke4 Kf8 45. Rc7 Ra4+ 46. Kd5 Nd8 47. e6 Ra5+ 48. Kd6 Ra6+ 49. Kd7 Nxe6 50. Rc4 Kf7 51. Re4 Ra7+ 52. Kd6 Re7 53. Re5 Kf6 54. Re1 Re8 55. Kd7 Kf7 56. Kd6 Ng7 57. Ra1 Rd8+ 58. Ke5 Re8+ 59. Kd5 Nf5 60. Ra7+ Re7 61. Ra3 Kf6 62. Ra6+ Kg7 63. Ra3 Kh6 64. Rb3 Rd7+ 65. Ke5 Rd1 66. Kf6 Rd6+ 67. Ke5 Rd8 68. Kf6 Rf8+ 69. Ke5 Kg7 70. Rb7+ Rf7 71. Rb3 Re7+ 72. Kd5 Re3 73. Rb7+ Kh6 74. Rb6 Rxg3 75. Ke5 Rg4 76. Rb8 h4 77. Kf6 Kh7 78. Rb7+ Kh8 79. Rb8+ Kh7 80. Rb7+ 1-0


[Site "https://www.chess.com"]

[Event "Titled Tuesday Blitz May 23 Early 2023"]
[White "Volkov, Maksim"]
[Black "Topalov, Aleksandar"]
[WhiteFideId "54123070"]
[BlackFideId "925659"]
[WhiteElo "2297"]
[BlackElo "2151"]
[Result "1-0"]
[Round "02"]
[TimeControl "180+2"]
[Date "2023.05.23"]
[WhiteClock "0:00:17"]
[BlackClock "0:00:04"]

1. d4 Nf6 2. c4 c5 3. d5 d6 4. Nc3 g6 5. Nf3 Bg7 6. g3 O-O 7. Bg2 Na6 8. O-O Nc7 9. a4 Rb8 10. e4 b6 11. Re1 a6 12. e5 Nfe8 13. Bf4 Bg4 14. h3 Bxf3 15. Qxf3 b5 16. cxb5 axb5 17. a5 b4 18. Na4 Nb5 19. exd6 exd6 20. Nb6 Nd4 21. Qd3 Nc7 22. h4 Ncb5 23. Bh3 Rb7 24. Nc4 Ra7 25. h5 g5 26. Bd2 h6 27. f4 gxf4 28. Bxf4 b3 29. Rf1 Re8 30. Bg4 Qe7 31. Kf2 Qf6 32. Rae1 Rae7 33. Rxe7 Qxe7 34. Ne3 Qe4 35. Qxe4 Rxe4 36. a6 Re7 37. Nc4 Ra7 38. Ra1 Nc2 39. Ra5 Nbd4 40. Bxd6 Nb5 41. Rxb5 Rxa6 42. Rb8+ 1-0


[Site "https://www.chess.com"]

[Event "Titled Tuesday Blitz May 23 Early 2023"]
[White "Herzog2012"]
[Black "Camilla_Lee"]
[WhiteElo "2358"]
[BlackElo "2688"]
[Result "0-1"]
[Round "02"]
[TimeControl "180+2"]
[Date "2023.05.23"]
[WhiteClock "0:00:00"]
[BlackClock "0:00:31"]

1. e4 e5 2. Nc3 Nf6 3. g3 Nc6 4. Bg2 Bb4 5. Nge2 d6 6. O-O h5 7. h3 Be6 8. a3 Bc5 9. d3 Qd7 10. Kh2 h4 11. g4 Bxg4 12. Na4 Bh5 13. Nxc5 dxc5 14. Bg5 Nh7 15. Bxh4 g5 16. Bg3 f6 17. Qd2 Nf8 18. Qe3 Bxe2 19. Qxe2 Nd4 20. Qd1 g4 21. h4 Ng6 22. c3 Nxh4 23. Bxh4 Rxh4+ 24. Kg3 Nf3 25. Rh1 Rxh1 26. Qxh1 O-O-O 27. Bxf3 gxf3 28. Qxf3 Qxd3 29. Qxd3 Rxd3+ 30. Kg4 Rd2 31. Rf1 Kd7 32. Kf5 Ke7 33. f4 exf4 34. Rh1 Rxb2 35. Rh7+ Kd6 36. Kxf6 Re2 37. Kf5 f3 38. Rh6+ Kd7 39. Ke5 Re3 40. Rh7+ Kc6 41. Rh6+ Kb5 42. Kd5 Rd3+ 43. Ke5 Rxc3 44. Rh7 Kb6 45. Rh6+ c6 46. Kd6 Rd3+ 47. Ke6 Rxa3 48. e5 Re3 49. Rf6 c4 50. Kd6 c3 51. e6 c2 52. e7 c1=Q 0-1


[Site "https://www.chess.com"]

[Event "Titled Tuesday Blitz May 23 Early 2023"]
[White "Jia, Haoxiang"]
[Black "Hinds, Nathan"]
[WhiteFideId "8602999"]
[BlackFideId "7400730"]
[WhiteElo "2688"]
[BlackElo "2001"]
[Result "1-0"]
[Round "02"]
[TimeControl "180+2"]
[Date "2023.05.23"]
[WhiteClock "0:01:35"]
[BlackClock "0:00:00"]

1. d4 Nf6 2. c4 e6 3. Nf3 b6 4. g3 Bb7 5. Bg2 c5 6. d5 exd5 7. Nh4 g6 8. Nc3 Bg7 9. O-O O-O 10. Bg5 h6 11. Bxf6 Bxf6 12. Nxd5 Bxh4 13. gxh4 Nc6 14. h5 Qg5 15. hxg6 fxg6 16. e3 Rae8 17. Qc2 Nb4 18. Qd2 Nxd5 19. cxd5 d6 20. Kh1 Bc8 21. Rg1 Kh7 22. f4 Qh4 23. Raf1 Bh3 24. Qd3 Bxg2+ 25. Rxg2 Rf6 26. Rfg1 Qh5 27. Rg4 Re7 28. e4 Ref7 29. e5 dxe5 30. fxe5 Rf5 31. e6 R7f6 32. e7 Rf2 33. R4g2 Rxg2 34. Rxg2 Qe5 35. d6 Qe1+ 36. Rg1 Qf2 37. e8=Q 1-0


[Site "https://www.chess.com"]

[Event "Titled Tuesday Blitz May 23 Early 2023"]
[White "Kopczynski, Michal"]
[Black "Begmuratov, Alisher"]
[WhiteFideId "1124200"]
[BlackFideId "14203367"]
[WhiteElo "2212"]
[BlackElo "2387"]
[Result "1/2-1/2"]
[Round "02"]
[TimeControl "180+2"]
[Date "2023.05.23"]
[WhiteClock "0:00:04"]
[BlackClock "0:00:30"]

1. e4 c5 2. d4 cxd4 3. c3 d5 4. exd5 Qxd5 5. cxd4 Nc6 6. Nf3 e6 7. Be2 Nf6 8. O-O Be7 9. Nc3 Qd8 10. Bg5 O-O 11. Rc1 Nb4 12. Ne5 Nbd5 13. h3 Nxc3 14. bxc3 Nd7 15. Bxe7 Qxe7 16. Nd3 Nf6 17. Bf3 Rd8 18. Qb3 Rb8 19. Rfe1 b6 20. Ne5 Bb7 21. Bxb7 Qxb7 22. Qa4 Rbc8 23. Re3 Rc7 24. Rf3 Rdc8 25. c4 b5 26. Qb4 bxc4 27. Rxc4 Qxb4 28. Rxb4 Nd5 29. Ra4 f6 30. Nd3 Nc3 31. Rb4 Ne2+ 32. Kh2 Nc3 33. Nc5 Nxa2 34. Rb2 Nc1 35. Nxe6 Re7 36. Nc5 Rd8 37. Rc3 Ne2 38. Re3 Rxe3 39. fxe3 Nc3 40. Rb3 Nd5 41. Ra3 Ra8 42. Kg3 a5 43. Kf3 Nb6 44. Ke4 Nc4 45. Ra2 Kf7 46. Kd3 Nd6 47. Ra4 Re8 48. e4 Ra8 49. Nb3 Re8 50. Nc5 Ra8 51. Nb3 Rb8 52. Nxa5 Rb2 53. Nc4 Nxc4 54. Rxc4 Rxg2 55. Rc7+ Ke6 56. d5+ Kd6 57. Rc6+ Kd7 58. Ra6 h5 59. Ra7+ Kd6 60. Ra6+ Kc5 61. Rc6+ Kb5 62. Rc7 Rg3+ 63. Kd4 Rxh3 64. Rxg7 Rh1 65. Rf7 h4 66. Rxf6 h3 67. Rh6 Rd1+ 68. Ke5 Rd3 69. d6 Kc6 70. Rh7 Rxd6 71. Rxh3 Rg6 72. Rc3+ Kd7 73. Kf5 Ra6 74. Rb3 Ke7 75. Rb7+ Ke8 76. e5 Rc6 77. e6 Rc1 78. Rb8+ Ke7 79. Rb7+ Ke8 80. Rb8+ Ke7 81. Rb7+ Ke8 1/2-1/2


[Site "https://www.chess.com"]

[Event "Titled Tuesday Blitz May 23 Early 2023"]
[White "Nagare Kaivalya Sandip"]
[Black "Marcziter, Dmitrii"]
[WhiteFideId "25957929"]
[BlackFideId "13900765"]
[WhiteElo "2024"]
[BlackElo "2162"]
[Result "1-0"]
[Round "02"]
[TimeControl "180+2"]
[Date "2023.05.23"]
[WhiteClock "0:01:34"]
[BlackClock "0:01:20"]

1. e4 c5 2. Nf3 a6 3. c3 d5 4. e5 Nc6 5. d4 Bg4 6. Be2 e6 7. O-O Qb6 8. Nbd2 Nh6 9. h3 Bf5 10. dxc5 Bxc5 11. Nb3 Be7 12. Bxh6 gxh6 13. Qd2 Bf8 14. Nfd4 Bg6 15. Kh1 Rg8 16. f4 Be4 17. Bf3 Bxf3 18. Rxf3 h5 19. Qe2 h4 20. f5 O-O-O 21. fxe6 Nxd4 22. Nxd4 fxe6 23. Rf6 Re8 24. Qh5 Bc5 25. Qf7 Bxd4 26. cxd4 Kb8 27. Qd7 Qc7 28. Qxc7+ Kxc7 29. Rf7+ Kb6 30. Rxh7 Rh8 31. Rxh8 Rxh8 32. g4 hxg3 33. Kg2 Rh4 34. Rd1 Re4 35. Kxg3 Re2 36. h4 Rxb2 37. h5 Rxa2 38. h6 Rc2 39. Rb1+ Ka7 40. h7 Rc8 41. Kg4 Rh8 42. Rh1 b5 43. Kg5 b4 44. Kf6 a5 45. Kxe6 b3 46. Kxd5 Kb6 47. Kc4 a4 48. Kb4 Kc6 49. Kxa4 Kd5 50. Kxb3 Kxd4 51. e6 Ke5 52. e7 Kf6 53. e8=Q Rxe8 54. h8=Q+ Rxh8 55. Rxh8 Kg7 56. Rc8 Kf6 57. Rc6+ Ke5 58. Kc4 Kf5 59. Kd4 Kf4 60. Rf6+ Kg5 61. Ke5 Kg4 62. Rf5 Kg3 63. Rf4 Kg2 64. Ke4 Kg1 65. Ke3 Kg2 66. Rf3 Kg1 67. Rf2 Kh1 68. Kf3 Kg1 69. Kg3 Kh1 70. Rf1# 1-0


[Site "https://www.chess.com"]

[Event "Titled Tuesday Blitz May 23 Early 2023"]
[White "Prieto Aranguren, Alain"]
[Black "Hua, Lefong"]
[WhiteFideId "2268906"]
[BlackFideId "2602253"]
[WhiteElo "2209"]
[BlackElo "2642"]
[Result "0-1"]
[Round "02"]
[TimeControl "180+2"]
[Date "2023.05.23"]
[WhiteClock "0:00:42"]
[BlackClock "0:01:31"]

1. e4 c5 2. Nf3 g6 3. Nc3 Bg7 4. g3 Nc6 5. Bb5 Nd4 6. Bf1 d6 7. Bg2 Bg4 8. h3 Bxf3 9. Bxf3 e6 10. Bg2 Ne7 11. d3 O-O 12. Ne2 Rc8 13. c3 Nxe2 14. Qxe2 b5 15. O-O a5 16. a3 Qb6 17. Be3 b4 18. axb4 axb4 19. Rfb1 Rb8 20. Qc2 Rfc8 21. Ra4 bxc3 22. b4 Nc6 23. b5 Nd4 24. Bxd4 Bxd4 25. Ra6 Qd8 26. b6 Rc6 27. Qb3 Rcxb6 28. Rxb6 Qxb6 29. Qxb6 Rxb6 30. Rc1 Rb2 31. Kh2 Rxf2 32. h4 c2 0-1


[Site "https://www.chess.com"]

[Event "Titled Tuesday Blitz May 23 Early 2023"]
[White "Arabidze, Meri"]
[Black "Klepikov, Nikita"]
[WhiteFideId "13604040"]
[BlackFideId "24145220"]
[WhiteElo "2405"]
[BlackElo "2025"]
[Result "1-0"]
[Round "02"]
[TimeControl "180+2"]
[Date "2023.05.23"]
[WhiteClock "0:02:21"]
[BlackClock "0:00:10"]

1. d4 Nf6 2. c4 d6 3. Nf3 Nbd7 4. g3 e5 5. Bg2 g6 6. O-O Bg7 7. Nc3 O-O 8. e4 exd4 9. Nxd4 Re8 10. f3 a5 11. Be3 Nc5 12. Re1 Be6 13. b3 c6 14. Qc2 h5 15. Rad1 h4 16. Nxc6 bxc6 17. Bxc5 hxg3 18. hxg3 Bf8 19. e5 Nh5 20. Bxd6 Qg5 21. Ne4 Qh6 22. Qd2 Qxd2 23. Rxd2 Bh6 24. f4 a4 25. Bf3 axb3 26. axb3 Nxg3 27. Nxg3 Bxf4 28. Rg2 Rec8 29. Ne4 Bf5 30. Nf6+ Kg7 31. Nh5+ 1-0


[Site "https://www.chess.com"]

[Event "Titled Tuesday Blitz May 23 Early 2023"]
[White "Avalos Parra, Joao"]
[Black "Gubajdullin, Alexei"]
[WhiteFideId "3402541"]
[BlackFideId "4141202"]
[WhiteElo "2173"]
[BlackElo "2279"]
[Result "0-1"]
[Round "02"]
[TimeControl "180+2"]
[Date "2023.05.23"]
[WhiteClock "0:00:00"]
[BlackClock "0:00:52"]

1. d4 Nf6 2. c4 g6 3. Nc3 Bg7 4. e4 O-O 5. Be2 d6 6. Be3 Na6 7. Nf3 c5 8. d5 e6 9. h3 exd5 10. cxd5 Re8 11. Nd2 Nc7 12. a4 b6 13. O-O Ba6 14. Bb5 Bxb5 15. axb5 Qd7 16. Qb3 Nh5 17. Rfe1 Bd4 18. Ra4 Bxc3 19. bxc3 Qxb5 20. Qa2 a5 21. Rb1 Qa6 22. c4 Rab8 23. Bg5 f6 24. Bh6 Qc8 25. Qb2 b5 26. Rxa5 bxc4 27. Qxb8 Qxb8 28. Rxb8 Rxb8 29. Nxc4 Ne8 30. Ra7 Rb4 31. Nd2 g5 32. h4 gxh4 33. Re7 Nhg7 34. Nf1 c4 35. Ne3 c3 36. Ng4 c2 37. Kh2 Rb1 38. Nxf6+ Nxf6 39. Rxg7+ Kh8 40. Rg5 c1=Q 41. Bg7+ Kg8 42. Bxf6+ Kf7 0-1


[Site "https://www.chess.com"]

[Event "Titled Tuesday Blitz May 23 Early 2023"]
[White "Gutkin, Ilya"]
[Black "Fantinel, Thibault"]
[WhiteFideId "16203470"]
[BlackFideId "663395"]
[WhiteElo "2265"]
[BlackElo "2316"]
[Result "1-0"]
[Round "02"]
[TimeControl "180+2"]
[Date "2023.05.23"]
[WhiteClock "0:00:14"]
[BlackClock "0:00:04"]

1. Nf3 Nf6 2. g3 b6 3. Bg2 Bb7 4. c4 g6 5. b3 Bg7 6. Bb2 O-O 7. O-O e6 8. d4 d5 9. Ne5 Nbd7 10. Qc2 c5 11. Rd1 cxd4 12. Nxd7 Qxd7 13. Bxd4 Rac8 14. Qb2 dxc4 15. Bxb7 c3 16. Bxc8 cxb2 17. Bxd7 Nxd7 18. Bxb2 Bxb2 19. Rxd7 Bxa1 20. Rxa7 Rd8 21. Na3 Rd2 22. Kf1 Rxa2 23. Nb5 Rxa7 24. Nxa7 Kf8 25. e3 Ke8 26. Nc8 Kd7 27. Nxb6+ Kc6 28. Nc4 Kc5 29. Ke2 Kb4 30. Nd6 f5 31. Nb7 Be5 32. Kd3 Kxb3 33. Nc5+ Kb4 34. Nxe6 Bd6 35. Kd4 Kb5 36. Kd5 Bb4 37. f3 Be1 38. e4 fxe4 39. fxe4 Bf2 40. e5 Kb6 41. Kd6 Bg1 42. h3 Bh2 43. g4 h5 44. gxh5 gxh5 45. Ng7 h4 46. Nf5 Bg3 47. Nd4 Kb7 48. Nf3 Kc8 49. Ke7 Kc7 50. e6 Bf2 51. Kf7 Bc5 52. e7 Bxe7 53. Kxe7 Kc6 54. Ke6 Kc7 55. Nxh4 Kd8 56. Ng6 Ke8 57. h4 1-0


[Site "https://www.chess.com"]

[Event "Titled Tuesday Blitz May 23 Early 2023"]
[White "Dishman, Stephen"]
[Black "Principe, Gerson"]
[WhiteFideId "403024"]
[BlackFideId "3804550"]
[WhiteElo "2204"]
[BlackElo "2229"]
[Result "1-0"]
[Round "02"]
[TimeControl "180+2"]
[Date "2023.05.23"]
[WhiteClock "0:02:03"]
[BlackClock "0:02:00"]

1. c4 e6 2. Nf3 Nf6 3. g3 b6 4. Bg2 Bb7 5. O-O Be7 6. Nc3 O-O 7. b3 d5 8. e3 dxc4 9. bxc4 c5 10. Qe2 Nc6 11. Bb2 Rc8 12. Rfd1 Qc7 13. Rac1 Rfd8 14. d4 Na5 15. Nb5 Qb8 16. dxc5 Rxd1+ 17. Rxd1 Rxc5 18. Ba3 Rxb5 19. Bxe7 1-0


[Site "https://www.chess.com"]

[Event "Titled Tuesday Blitz May 23 Early 2023"]
[White "Mortazavi, Ali"]
[Black "littlepillow2010"]
[WhiteFideId "401323"]
[WhiteElo "2339"]
[BlackElo "2338"]
[Result "1-0"]
[Round "02"]
[TimeControl "180+2"]
[Date "2023.05.23"]
[WhiteClock "0:00:33"]
[BlackClock "0:00:00"]

1. Nf3 d5 2. g3 c5 3. Bg2 Nc6 4. O-O Nf6 5. d3 g6 6. Nbd2 Bg7 7. e3 O-O 8. e4 dxe4 9. dxe4 Qc7 10. Re1 Rd8 11. h3 b6 12. a4 e5 13. c3 Ba6 14. Qb3 Na5 15. Qa2 c4 16. Nf1 Rac8 17. Rb1 Rd7 18. Bg5 h6 19. Bxf6 Bxf6 20. Ne3 Bb7 21. Nh2 Rcd8 22. Nd5 Bxd5 23. exd5 Bg7 24. Rbd1 Nb3 25. Qb1 Nc5 26. Bf1 Nxa4 27. Bg2 Nc5 28. Ng4 f5 29. Ne3 e4 30. Nxc4 Rxd5 31. Rxd5 Rxd5 32. Qa2 Qf7 33. Ne3 Rd7 34. Qb1 Nd3 35. Rd1 Kh7 36. h4 Ne5 37. h5 g5 38. Rxd7 Qxd7 39. Nxf5 Qd3 40. Bxe4 Qxb1+ 41. Bxb1 Kg8 42. f4 gxf4 43. gxf4 Nf3+ 44. Kf2 Nd2 45. Ba2+ Kf8 46. Nd6 Bf6 47. Ke2 1-0


[Site "https://www.chess.com"]

[Event "Titled Tuesday Blitz May 23 Early 2023"]
[White "Kim, Sergey"]
[Black "Ovezdurdyyeva, Jemal"]
[WhiteFideId "13700570"]
[BlackFideId "14001888"]
[WhiteElo "2583"]
[BlackElo "2043"]
[Result "0-1"]
[Round "02"]
[TimeControl "180+2"]
[Date "2023.05.23"]
[WhiteClock "0:00:00"]
[BlackClock "0:00:04"]

1. d4 Nf6 2. c4 e6 3. Nc3 d5 4. Nf3 Bb4 5. e3 O-O 6. Bd3 c6 7. O-O Nbd7 8. Qc2 Qe7 9. a3 Ba5 10. b4 Bc7 11. e4 e5 12. exd5 exd4 13. Re1 Ne5 14. Nxe5 Bxe5 15. f4 dxc3 16. fxe5 Ng4 17. Bf4 Qh4 18. Bg3 Qh5 19. Qxc3 Bd7 20. Qd4 Rfe8 21. Qe4 Rad8 22. h3 cxd5 23. cxd5 Nf6 24. Qd4 Nxd5 25. Qxd5 Bf5 26. Qxb7 Rxd3 27. Kh2 Bxh3 28. gxh3 Rd2+ 29. Kg1 Qxh3 30. Qf3 h5 31. Re3 Re6 32. Qh1 Qg4 33. Qa8+ Kh7 34. Qe4+ Qxe4 35. Rxe4 Rg6 36. Re3 h4 37. Rf1 hxg3 38. Rxf7 g2 39. Re1 Rh6 0-1


[Site "https://www.chess.com"]

[Event "Titled Tuesday Blitz May 23 Early 2023"]
[White "Ismagilov, Damir"]
[Black "Blokhin, Sofia"]
[WhiteFideId "34199982"]
[BlackFideId "4508190"]
[WhiteElo "2143"]
[BlackElo "1994"]
[Result "1-0"]
[Round "02"]
[TimeControl "180+2"]
[Date "2023.05.23"]
[WhiteClock "0:00:05"]
[BlackClock "0:00:03"]

1. c4 c5 2. Nc3 Nf6 3. g3 d5 4. cxd5 Nxd5 5. Bg2 Nc7 6. Nf3 Nc6 7. O-O e5 8. b3 Be7 9. Bb2 O-O 10. Rc1 f6 11. Na4 b6 12. e3 Ba6 13. Re1 Bd3 14. Nd4 exd4 15. Bxc6 Rb8 16. exd4 cxd4 17. Qf3 Bg6 18. Be4 f5 19. Bb1 Kh8 20. Bxd4 Ba3 21. Bb2 Bxb2 22. Nxb2 Qxd2 23. Nc4 Qb4 24. Ne5 Nb5 25. Nd7 Rfe8 26. Re5 Rxe5 27. Nxe5 Re8 28. Bxf5 Bxf5 29. Qxf5 Qd2 30. Rc8 Qe1+ 31. Kg2 Rg8 32. Nf7# 1-0


[Site "https://www.chess.com"]

[Event "Titled Tuesday Blitz May 23 Early 2023"]
[White "Lorenzo De La Riva, Lazaro"]
[Black "Vargas, Gabriela"]
[WhiteFideId "2268809"]
[BlackFideId "3700860"]
[WhiteElo "2294"]
[BlackElo "2057"]
[Result "0-1"]
[Round "02"]
[TimeControl "180+2"]
[Date "2023.05.23"]
[WhiteClock "0:00:17"]
[BlackClock "0:00:41"]

1. e4 e6 2. d4 d5 3. Nc3 Nf6 4. e5 Nfd7 5. Qg4 c5 6. Nb5 cxd4 7. f4 Nc6 8. Nf3 h5 9. Qg3 a6 10. Nd6+ Bxd6 11. Qxg7 Rf8 12. exd6 Qf6 13. Qh7 e5 14. fxe5 Ndxe5 15. Qxh5 Bg4 16. Qh7 Nxf3+ 17. gxf3 Bxf3 18. d7+ Kxd7 19. Bh3+ Kc7 20. Bf5 Rae8+ 21. Kf1 Bxh1 22. Bf4+ Kb6 23. Qh3 Be4 24. Bxe4 Rxe4 25. Qb3+ Ka7 26. Qa3 Qxf4+ 27. Kg1 Rg8+ 28. Kh1 Re2 29. Qc5+ b6 30. Qxd5 Qxh2# 0-1


[Site "https://www.chess.com"]

[Event "Titled Tuesday Blitz May 23 Early 2023"]
[White "Nikologorskiy, Konstantin"]
[Black "chessjazda"]
[WhiteFideId "24111708"]
[WhiteElo "2273"]
[BlackElo "2328"]
[Result "1-0"]
[Round "02"]
[TimeControl "180+2"]
[Date "2023.05.23"]
[WhiteClock "0:01:17"]
[BlackClock "0:01:51"]

1. d4 d6 2. c4 c6 3. Nf3 Qc7 4. Nc3 f5 5. e4 fxe4 6. Nxe4 Nf6 7. Nxf6+ exf6 8. Bd3 Bg4 9. O-O Be7 10. Re1 O-O 11. Qc2 Bxf3 12. Bxh7+ Kh8 13. gxf3 f5 14. Bxf5 Bf6 15. Bg6 Qd7 16. Qe4 Na6 17. Be3 Qh3 18. Qg4 Qh4 19. Kg2 Nc7 20. Re2 d5 21. c5 Nb5 22. Rd1 Rad8 23. a4 Nc7 24. Rde1 b6 25. Bf4 Na6 26. Bd6 Qxg4+ 27. fxg4 Bxd4 28. Bxf8 Rxf8 29. Re8 Kg8 30. Rxf8+ Kxf8 31. Re8# 1-0


[Site "https://www.chess.com"]

[Event "Titled Tuesday Blitz May 23 Early 2023"]
[White "robertoalejandro10"]
[Black "Smith, Shreyas"]
[BlackFideId "7400713"]
[WhiteElo "2566"]
[BlackElo "2151"]
[Result "0-1"]
[Round "02"]
[TimeControl "180+2"]
[Date "2023.05.23"]
[WhiteClock "0:00:00"]
[BlackClock "0:00:12"]

1. Nf3 d5 2. c4 e6 3. b3 Nf6 4. Bb2 Bd6 5. g3 dxc4 6. bxc4 c5 7. Bg2 O-O 8. O-O Nc6 9. Nc3 e5 10. Rb1 Bf5 11. d3 b6 12. Nh4 Bd7 13. Nd5 g5 14. Nf3 Nxd5 15. cxd5 Nd4 16. e3 Nxf3+ 17. Bxf3 f5 18. Bg2 f4 19. Qh5 Qf6 20. exf4 gxf4 21. Rbe1 Rae8 22. Be4 Bf5 23. Re2 Bg6 24. Bxg6 hxg6 25. Qh6 f3 26. Re4 Rf7 27. Rg4 Rg7 28. Re1 Qf5 29. Qh4 Be7 30. Qh3 Rh7 31. Rh4 Rxh4 32. gxh4 Qxh3 0-1


[Site "https://www.chess.com"]

[Event "Titled Tuesday Blitz May 23 Early 2023"]
[White "Shuvalov, Evgenij"]
[Black "Theytookourjobs"]
[WhiteFideId "4187237"]
[WhiteElo "2080"]
[BlackElo "2323"]
[Result "1/2-1/2"]
[Round "02"]
[TimeControl "180+2"]
[Date "2023.05.23"]
[WhiteClock "0:00:11"]
[BlackClock "0:00:06"]

1. b4 e5 2. Bb2 d6 3. e3 f5 4. f4 Nd7 5. Bc4 Ngf6 6. Nf3 Nb6 7. Bb3 e4 8. Nd4 c5 9. bxc5 dxc5 10. Ne6 Qd6 11. Nxf8 Rxf8 12. Be5 Qe7 13. d3 Be6 14. Nd2 O-O-O 15. Qe2 Ng4 16. d4 Nxe5 17. dxe5 c4 18. Bxc4 Nxc4 19. Nxc4 Qb4+ 20. Nd2 Qc3 21. Rd1 Rd7 22. O-O Rfd8 23. Nb3 Rxd1 24. Rxd1 Rxd1+ 25. Qxd1 Qxe3+ 26. Kh1 Qxf4 27. h3 Bxb3 28. cxb3 Qxe5 29. Qc2+ Qc7 30. Qe2 Qc5 31. g4 g6 32. gxf5 gxf5 33. Qh5 Qc1+ 34. Kg2 Qd2+ 35. Kh1 Qe1+ 36. Kg2 Qd2+ 37. Kh1 Qd7 38. Qg5 Kc7 39. Qf4+ Kc6 40. Qc1+ Kd6 41. Qf4+ Ke6 42. Qh6+ Ke5 43. Qg5 Qd1+ 44. Kg2 Qe2+ 45. Kg1 Qe1+ 46. Kg2 Qe2+ 47. Kg1 Qf3 48. Qe7+ Kf4 49. Qd6+ Ke3 50. Qc5+ Kf4 51. Qd6+ Ke3 52. Qc5+ Ke2 53. Qc2+ Ke1 54. Qc1+ Qd1 55. Qe3+ Qe2 56. Qc1+ Qd1 57. Qe3+ Qe2 58. Qc1+ Qd1 1/2-1/2


[Site "https://www.chess.com"]

[Event "Titled Tuesday Blitz May 23 Early 2023"]
[White "Ferenc83"]
[Black "Buscar, Michael"]
[BlackFideId "2603616"]
[WhiteElo "2539"]
[BlackElo "2010"]
[Result "1-0"]
[Round "02"]
[TimeControl "180+2"]
[Date "2023.05.23"]
[WhiteClock "0:02:06"]
[BlackClock "0:01:03"]

1. b3 b6 2. Bb2 Bb7 3. c4 c5 4. Nf3 Nf6 5. g3 e6 6. Bg2 Be7 7. O-O d6 8. Nc3 O-O 9. d4 cxd4 10. Qxd4 a6 11. Rfd1 Nbd7 12. Rac1 Qc7 13. Nh4 Bxg2 14. Nxg2 Rfd8 15. Qf4 Nf8 16. Qf3 Ng6 17. Nf4 Ne5 18. Qe3 Qb7 19. Nd3 Nxd3 20. Rxd3 d5 21. Qf3 b5 22. cxd5 Nxd5 23. Rcd1 Bf6 24. Nxd5 Bxb2 25. Nf6+ 1-0


[Site "https://www.chess.com"]

[Event "Titled Tuesday Blitz May 23 Early 2023"]
[White "Valle Maytin, Luis Enrique"]
[Black "Goffredo_Fofi"]
[WhiteFideId "3503666"]
[WhiteElo "2225"]
[BlackElo "2527"]
[Result "1-0"]
[Round "02"]
[TimeControl "180+2"]
[Date "2023.05.23"]
[WhiteClock "0:02:41"]
[BlackClock "0:02:06"]

1. d4 g6 2. Nf3 Bg7 3. e3 d6 4. Be2 f5 5. O-O Nf6 6. c4 O-O 7. b4 Qe8 8. Bb2 Nbd7 9. d5 h6 10. Nc3 Ne5 11. Nxe5 dxe5 12. Nb5 Qd7 13. Bxe5 Ne8 14. Bxg7 Kxg7 15. Qd4+ Nf6 16. Qe5 Kh7 17. Nxc7 Ng4 18. Bxg4 1-0


[Site "https://www.chess.com"]

[Event "Titled Tuesday Blitz May 23 Early 2023"]
[White "Yanayt, Eugene"]
[Black "Gallego Alcaraz, Andres Felipe"]
[WhiteFideId "2020165"]
[BlackFideId "4402669"]
[WhiteElo "2083"]
[BlackElo "2380"]
[Result "0-1"]
[Round "02"]
[TimeControl "180+2"]
[Date "2023.05.23"]
[WhiteClock "0:00:12"]
[BlackClock "0:02:16"]

1. d4 Nf6 2. c4 e6 3. g3 b6 4. Bg2 c6 5. Nf3 Ba6 6. Nbd2 b5 7. b3 bxc4 8. bxc4 d5 9. Qc2 Be7 10. O-O O-O 11. Re1 Nbd7 12. e4 dxe4 13. Nxe4 Nxe4 14. Rxe4 c5 15. Be3 Rc8 16. Rd1 Bb7 17. Rg4 f5 18. Rf4 g5 0-1


[Site "https://www.chess.com"]

[Event "Titled Tuesday Blitz May 23 Early 2023"]
[White "Manukyan, Artyom"]
[Black "Georg, Heinz"]
[WhiteFideId "13305786"]
[BlackFideId "4607295"]
[WhiteElo "2078"]
[BlackElo "2320"]
[Result "1-0"]
[Round "02"]
[TimeControl "180+2"]
[Date "2023.05.23"]
[WhiteClock "0:01:25"]
[BlackClock "0:00:30"]

1. Nf3 f5 2. g3 Nf6 3. Bg2 g6 4. O-O Bg7 5. d4 O-O 6. c4 d6 7. Nc3 Qe8 8. Re1 Qf7 9. Qb3 Ne4 10. Be3 Nc6 11. Rad1 h6 12. Nxe4 fxe4 13. Nd2 Bf5 14. Nxe4 Bxe4 15. Bxe4 Na5 16. Qb5 Nc6 17. Qxb7 Na5 18. Qb5 Nxc4 19. Bd5 e6 20. Bxc4 d5 21. Bd3 Rab8 22. Qa5 Rxb2 23. Rd2 Rxd2 24. Qxd2 Rb8 25. Qc2 c5 26. Bxg6 Qf6 27. Bf4 Rc8 28. dxc5 e5 29. Bc1 Qxf2+ 30. Kxf2 1-0


[Site "https://www.chess.com"]